 Dungeon Crawl Stone Soup version 0.28-a0-1506-g3893175d92 (webtiles) character file.

Game seed: 2347800597946047888

345 oldriver the Ducker (level 6, -2/51 HPs)
             Began as a Gnoll Gladiator on Jan 14, 2022.
             Killed from afar by a steam dragon (20 damage)
             ... with a ball of steam
             ... on level 3 of the Dungeon.
             The game lasted 00:03:45 (3637 turns).

oldriver the Ducker (Gnoll Gladiator)               Turns: 3637, Time: 00:03:46

Health: -2/51      AC:  4    Str: 15    XL:     6   Next: 58%
Magic:  9/9        EV: 16    Int:  7    God:
Gold:   148        SH:  0    Dex: 20    Spells: 9/9 levels left

rFire   . . .      SeeInvis .   d - +1 short sword (elec)
rCold   . . .      Faith    .   (no shield)
rNeg    . . .      Spirit   .   b - +0 leather armour
rPois   .          Reflect  .   c - +0 helmet
rElec   .          Harm     .   l - scarf {repulsion}
rCorr   .          Rampage  .   (no gloves)
Will    .....                   (no boots)
Stlth   ++........              (no amulet)
HPRegen 0.17/turn               m - +6 ring of dexterity
MPRegen 0.11/turn               (no ring)

@: repel missiles
A: fangs 1, strong nose, distributed training
a: no special abilities


You were on level 3 of the Dungeon.
You visited 1 branch of the dungeon, and saw 4 of its levels.

You collected 148 gold pieces.

Inventory:

Hand Weapons
 d - a +1 short sword of electrocution (weapon)
 e - a +2 dagger of venom
 k - a +5 short sword
Missiles
 i - 2 throwing nets (quivered)
Armour
 b - a +0 leather armour (worn)
 c - a +0 helmet (worn)
 l - a scarf of repulsion (worn)
 q - the +3 leather armour "Vasueh" {Fly rF+++ Int-3 Slay-5}
   (You found it on level 3 of the Dungeon)

   Int:       It affects your intelligence (-3).
   Slay:      It affects your accuracy & damage with ranged weapons and melee
   (-5).
   rF:        It renders you almost immune to fire.
   Fly:       It grants you flight.
Jewellery
 m - a +6 ring of dexterity (left hand)
Scrolls
 a - 3 scrolls of identify
 n - a scroll of fog {unknown}
 r - a scroll of vulnerability {unknown}
Potions
 f - 2 potions of mutation
 h - 2 potions of resistance
 o - a potion of degeneration


   Skills:
 + Level 5.0 Fighting
 + Level 2.0 Short Blades
 + Level 6.8 Long Blades
 + Level 2.0 Axes
 + Level 2.0 Maces & Flails
 + Level 2.0 Polearms
 + Level 2.0 Staves
 + Level 2.0 Slings
 + Level 2.0 Bows
 + Level 2.0 Crossbows
 + Level 5.0 Throwing
 + Level 2.0 Armour
 + Level 6.8 Dodging
 + Level 2.0 Stealth
 + Level 2.0 Shields
 + Level 2.0 Unarmed Combat
 + Level 2.0 Spellcasting
 + Level 1.6 Conjurations
 + Level 1.6 Hexes
 + Level 1.6 Summonings
 + Level 1.6 Necromancy
 + Level 1.6 Translocations
 + Level 1.6 Transmutations
 + Level 1.6 Fire Magic
 + Level 1.6 Ice Magic
 + Level 1.6 Air Magic
 + Level 1.6 Earth Magic
 + Level 1.6 Poison Magic
 + Level 2.2 Invocations
 + Level 2.0 Evocations


You had 9 spell levels left.
You didn't know any spells.
Your spell library contained the following spells:

 Spells                   Type           Power      Damage    Failure   Level
 Sandblast                Erth           4%         2d4       24%         1
 Passwall                 Tmut/Erth      1%         N/A       36%         2
 Stone Arrow              Conj/Erth      4%         3d7       58%         3
 Airstrike                Air            1%         N/A       94%         4
 Summon Lightning Spire   Summ/Air       2%         N/A       94%         4
 Lightning Bolt           Conj/Air       1%         1d12      100%        5


Dungeon Overview and Level Annotations

Branches:
Dungeon (4/15)
 Temple: D:4-7

Altars:
Sif Muna

Shops:
D:2 (

Annotations:
D:4 Menkaure, Pikel


Innate Abilities, Weirdness & Mutations

You have very sharp teeth.
Your uncanny sense of smell can sniff out nearby items.
Your experience applies equally to all skills.


Message History

The centaur skeleton is severely damaged.
The centaur skeleton hits you. The centaur skeleton barely misses you.
The centaur skeleton hits you.
The centaur skeleton completely misses you.
You climb upwards.
There is a stone staircase leading down here.
No target in view!
No target in view!
No target in view!
HP restored.
There is a stone staircase leading down here.
You climb downwards.
Level annotation: Pikel Menkaure shouts!
The steam dragon hisses angrily.
You hear a shout! x2
An endoplasm comes into view.
Menkaure calls on the powers of darkness!
The steam dragon convulses!
Your body is wracked with pain!
The endoplasm convulses!
The endoplasm quivers.
An orc wizard comes into view. It is wielding a +0 dagger.
An ogre comes into view. It is wielding a +0 giant club.
The ogre shouts!
Found 33 stones.
Found a stone staircase leading down.
There is a stone staircase leading up here.
The orc wizard shouts!
The steam dragon bites you! The steam dragon barely misses you.
The orc wizard gestures wildly while chanting.
The orc wizard flickers and vanishes!
Deactivating autopickup; reactivate with Ctrl-A.
You climb upwards.
Reactivating autopickup.
There is a stone staircase leading down here.
You hit the steam dragon but do no damage.
The steam dragon is heavily wounded.
The steam dragon bites you. The steam dragon closely misses you.
You hit the steam dragon.
The steam dragon is heavily wounded.
The steam dragon breathes steam at you. The ball of steam hits you!!
You die...

#...##.##.#######....#
#......#############.#
#...#### #:::# #.#
##.## ####### #.#
#.########...(.# #.#
#........'.._).# #.#
#.#####..#.....# #.#
#.#####.###########.#
#....##.##.@D.......#
#.##........#########
#.#####.#####
#.......# #########


You could see a steam dragon (catching breath).

Vanquished Creatures
  Grinder (D:3)
  A howler monkey (D:3)
  3 adders
  2 worms (D:3)
  2 dart slugs
  An endoplasm (D:1)
  A giant cockroach (D:3)
  5 goblins
  5 hobgoblins
  5 kobolds
  4 quokkas
  5 ball pythons
  6 bats (D:3)
  4 frilled lizards
  21 rats
66 creatures vanquished.

Notes
Turn   | Place    | Note
-------+----------+-------------------------------------------
     0 | D:1      | oldriver the Gnoll Gladiator began the quest for the Orb.
     0 | D:1      | Reached XP level 1. HP: 20/20 MP: 1/1
   375 | D:1      | Found a faded altar of an unknown god.
   380 | D:1      | Reached XP level 2. HP: 26/26 MP: 2/2
  2009 | D:2      | Reached XP level 3. HP: 27/31 MP: 3/3
  2013 | D:2      | Found Ziemufir's Weapon Emporium.
  2190 | D:2      | Reached skill level 1 in Invocations
  2453 | D:3      | Reached skill level 1 in Short Blades
  2453 | D:3      | Reached skill level 1 in Axes
  2453 | D:3      | Reached skill level 1 in Maces & Flails
  2453 | D:3      | Reached skill level 1 in Polearms
  2453 | D:3      | Reached skill level 1 in Staves
  2453 | D:3      | Reached skill level 1 in Slings
  2453 | D:3      | Reached skill level 1 in Bows
  2453 | D:3      | Reached skill level 1 in Crossbows
  2453 | D:3      | Reached skill level 1 in Armour
  2453 | D:3      | Reached skill level 1 in Stealth
  2453 | D:3      | Reached skill level 1 in Shields
  2453 | D:3      | Reached skill level 1 in Unarmed Combat
  2453 | D:3      | Reached skill level 1 in Spellcasting
  2453 | D:3      | Reached skill level 1 in Evocations
  2532 | D:3      | Reached skill level 1 in Conjurations
  2532 | D:3      | Reached skill level 1 in Hexes
  2532 | D:3      | Reached skill level 1 in Summonings
  2532 | D:3      | Reached skill level 1 in Necromancy
  2532 | D:3      | Reached skill level 1 in Translocations
  2532 | D:3      | Reached skill level 1 in Transmutations
  2532 | D:3      | Reached skill level 1 in Fire Magic
  2532 | D:3      | Reached skill level 1 in Ice Magic
  2532 | D:3      | Reached skill level 1 in Air Magic
  2532 | D:3      | Reached skill level 1 in Earth Magic
  2532 | D:3      | Reached skill level 1 in Poison Magic
  2532 | D:3      | Reached XP level 4. HP: 38/38 MP: 5/5
  2566 | D:3      | Identified the +3 leather armour "Vasueh" {Fly rF+++ Int-3
                  | Slay-5}
  2671 | D:3      | Noticed Grinder
  2674 | D:3      | Paralysed by Grinder for 7 turns
  2721 | D:3      | Killed Grinder
  2722 | D:3      | Reached skill level 5 in Fighting
  2722 | D:3      | Reached skill level 5 in Throwing
  2722 | D:3      | Reached XP level 5. HP: 17/44 MP: 5/8
  2722 | D:3      | Reached XP level 6. HP: 20/51 MP: 5/9
  3333 | D:3      | Found a shimmering blue altar of Sif Muna.
  3543 | D:4      | Noticed a necrophage
  3591 | D:4      | Noticed Pikel
  3633 | D:4      | Noticed Menkaure
  3633 | D:4      | Noticed a steam dragon
  3637 | D:3      | Killed from afar by a steam dragon

Illustrated notes

Levels and vault maps discovered:
D:1:      dpeg_arrival_rhombus, layout_basic,
          hellmonk_ecumenical_altar_lost_god, st_stairs_10
D:2:      layout_basic, serial_shops, nicolae_shop_statue_plus
D:3:      layout_loops_cross, nicolae_sif_muna_little_library,
          ebering_dispersal_statue_hall, minmay_misc_feat_pillars,
          minmay_rat_hole, uniq_grinder
D:4:      layout_gridville, minmay_temple_entry_statues_pillars,
          chequers_serial_rivers_micro_d, roderic_roman_lattice, uniq_menkaure,
          uniq_pikel

Skill      XL: |  1  2  3  4 |
---------------+-------------+-----
Invocations    | 1 2 |  2.2
Short Blades   | 1 2 |  2.0
Axes           | 1 2 |  2.0
Maces & Flails | 1 2 |  2.0
Polearms       | 1 2 |  2.0
Staves         | 1 2 |  2.0
Slings         | 1 2 |  2.0
Bows           | 1 2 |  2.0
Crossbows      | 1 2 |  2.0
Armour         | 1 2 |  2.0
Stealth        | 1 2 |  2.0
Shields        | 1 2 |  2.0
Unarmed Combat | 1 2 |  2.0
Spellcasting   | 1 2 |  2.0
Evocations     | 1 2 |  2.0
Conjurations   | 1 |  1.6
Hexes          | 1 |  1.6
Summonings     | 1 |  1.6
Necromancy     | 1 |  1.6
Translocations | 1 |  1.6
Transmutations | 1 |  1.6
Fire Magic     | 1 |  1.6
Ice Magic      | 1 |  1.6
Air Magic      | 1 |  1.6
Earth Magic    | 1 |  1.6
Poison Magic   | 1 |  1.6
Fighting       | 5 |  5.0
Throwing       | 5 |  5.0
Long Blades    | |  6.8
Dodging        | |  6.8

Action                   |  1- 3 |  4- 6 || total
-------------------------+-------+-------++-------
Melee: Long sword        |     9 |       ||     9
       Dagger            |    37 |       ||    37
       Bite              |     6 |    10 ||    16
       Short sword       |    48 |    91 ||   139
       Punch             |       |     2 ||     2
Throw: Throwing net      |     3 |       ||     3
  Use: Scroll            |     3 |       ||     3
       Potion            |       |     4 ||     4
Armor: Leather armour    |    13 |    13 ||    26
Dodge: Dodged            |    65 |    74 ||   139

Table legend: (Time is in decaauts)
 A = Elapsed time spent in this place.
 B = Non-inter-level travel time spent in this place.
 C = Inter-level travel time spent in this place.
 D = Time resting spent in this place.
 E = Time spent auto-exploring this place.
 F = Levels seen in this place.
 G = Mean time per level.
                   A        B        C        D        E       F      G
               +--------+--------+--------+--------+--------+-----+--------+
         Total |   3640 |   3476 |    164 |    532 |   2341 |   4 |  910.0 |
       Dungeon |   3640 |   3476 |    164 |    532 |   2341 |   4 |  910.0 |
               +--------+--------+--------+--------+--------+-----+--------+

Top non-repeatable levels by time:
     D:1: 1291 daAuts
     D:2: 1160 daAuts
     D:3: 1151 daAuts
     D:4: 37 daAuts
